 Dungeon Crawl Stone Soup version 0.31-a0-771-g505c3d19dc (webtiles) character file.

Game seed: 5075239003645412399

49 Demosthentine the Poker (level 3, -4/28 HPs)
             Began as a Demonspawn Gladiator on Sept 16, 2023.
             Slain by Jessica
             ... wielding a +3 club
              (7 damage)
             ... on level 2 of the Dungeon.
             The game lasted 00:01:25 (993 turns).

Demosthentine the Poker (Demonspawn Gladiator)       Turns: 993, Time: 00:01:26

Health: -4/28      AC:  8    Str: 16    XL:     3   Next: 53%
Magic:  3/3        EV: 12    Int:  9    God:
Gold:   66         SH:  0    Dex: 14    Spells: 2/2 levels left

rFire   + . .        a - +0 trident
rCold   + . .        (no shield)
rNeg    . . .        b - +0 leather armour
rPois   +            c - +0 helmet
rElec   +            (no cloak)
rCorr   +            (no gloves)
SInv    .            l - +0 pair of boots
Will    .....        (no amulet)
Stlth   +            (no ring)
HPRegen 0.24/turn    (no ring)
MPRegen 0.08/turn

%: no passive effects
@: mighty, resistant, slowed, very slow
A: molten scales 2
a: no special abilities


You were on level 2 of the Dungeon.
You visited 1 branch of the dungeon, and saw 2 of its levels.

You collected 66 gold pieces.

Inventory:

Hand Weapons
 a - a +0 trident (weapon)
Missiles
 d - 3 throwing nets (quivered)
 e - a javelin
Armour
 b - a +0 leather armour (worn)
 c - a +0 helmet (worn)
 k - a +0 buckler
 l - a +0 pair of boots (worn)
Scrolls
 h - 2 scrolls of noise


   Skills:
 + Level 2.5 Fighting
 + Level 3.1 Polearms
 - Level 1.7 Throwing
 + Level 1.2 Armour
 + Level 3.0 Dodging
 + Level 0.2 Shields


You had 2 spell levels left.
You didn't know any spells.
Your spell library was empty.

Dungeon Overview and Level Annotations

Branches:
Dungeon (2/15)

Altars:

Annotations:
D:2 Jessica


Innate Abilities, Weirdness & Mutations

You are mostly covered in molten scales. (AC +3)


Message History

No target in view!
No target in view!
You climb downwards.
Level annotation: Jessica The quokka barely misses you.
The quokka bites you but does no damage.
There is a stone staircase leading up here.
You hit the quokka.
You kill the quokka!
You hit the endoplasm.
You kill the endoplasm!
Jessica gestures at you while chanting.
You feel yourself slow down. Jessica hits you with a +3 club.
You barely miss Jessica. Jessica hits you but does no damage.
Jessica closely misses you. Jessica hits you but does no damage.
You barely miss Jessica. Jessica closely misses you.
Jessica gestures at you while chanting. Pain shoots through your body!
You are too injured to fight recklessly!
You are too injured to fight recklessly!
You are too injured to fight recklessly!
You hit Jessica.
Jessica is heavily wounded.
Jessica hits you with a +3 club!
* * * LOW HITPOINT WARNING * * *
Jessica hits you but does no damage. Jessica barely misses you.
It was a potion of resistance.
You feel protected. Jessica hits you but does no damage.
Jessica closely misses you.
It was a potion of might.
You feel very mighty all of a sudden. Jessica closely misses you.
Jessica hits you with a +3 club.
* * * LOW HITPOINT WARNING * * *
Jessica closely misses you.
You barely miss Jessica.
Jessica is moderately wounded.
Jessica shouts, "You are a ghastly nuisance!"
Jessica hits you with a +3 club!
You die...

............[$.
#................
.................
................
#..............
#..............
#.....>@.......
#.....@........
#....<.......#
##...?.♣~.##%..
##.##.P~~.... #.
#.~P~....# .
..♣.~..... ..
...~♣#.... ..
....## ..~~ ...
....# ~r.


You could see Jessica (fast).

Vanquished Creatures
  An adder (D:1)
  A dart slug (D:1)
  6 ball pythons
  4 bats
  3 endoplasms
  A giant cockroach (D:1)
  A goblin (D:1)
  5 hobgoblins (D:1)
  4 jackals (D:1)
  2 quokkas
  3 frilled lizards (D:1)
  5 rats (D:1)
  A butterfly (D:1)
37 creatures vanquished.

Notes
Turn   | Place    | Note
-------+----------+-------------------------------------------
     0 | D:1      | Demosthentine the Demonspawn Gladiator began the quest for
                  | the Orb.
     0 | D:1      | Reached XP level 1. HP: 16/16 MP: 1/1
   118 | D:1      | Gained mutation: You are partially covered in molten
                  | scales. (AC +2) [demonic ancestry]
   118 | D:1      | Reached XP level 2. HP: 17/22 MP: 2/2
   339 | D:1      | Reached skill level 1 in Armour
   579 | D:1      | Gained mutation: You are mostly covered in molten scales.
                  | (AC +3) [demonic ancestry]
   579 | D:1      | Reached XP level 3. HP: 23/28 MP: 3/3
   939 | D:2      | Noticed Jessica
   993 | D:2      | Slain by Jessica

Illustrated notes

Levels and vault maps discovered:
D:1:      spicycebolla_arrival_clurvy, layout_basic
D:2:      minmay_diamond_boxcup, layout_rooms, serial_bayou,
          serial_bayou_lake_a, serial_bayou_lagoon_a, serial_bayou_pond_e,
          serial_bayou_pond_b, minmay_3d_cube, uniq_jessica,
          uniq_crazy_yiuf_cottage

Skill      XL: |  1  2 |
---------------+-------+-----
Polearms       | 3 |  3.1
Armour         | 1 |  1.2
Dodging        | 3 |  3.0
Fighting       | |  2.5
Throwing       | |  1.7
Shields        | |  0.2

Action                     || total
---------------------------++-------
  Melee: Trident           ||   111
  Throw: Throwing net      ||     1
    Use: Scroll            ||     3
         Potion            ||     2
   Stab: Sleeping          ||     1
 Armour: Leather armour    ||    88
  Dodge: Dodged            ||   125

Table legend: (Time is in decaauts)
 A = Elapsed time spent in this place.
 B = Non-inter-level travel time spent in this place.
 C = Inter-level travel time spent in this place.
 D = Time resting spent in this place.
 E = Time spent auto-exploring this place.
 F = Levels seen in this place.
 G = Mean time per level.
                   A        B        C        D        E       F      G
               +--------+--------+--------+--------+--------+-----+--------+
         Total |   1017 |    899 |    118 |     27 |    630 |   2 |  508.5 |
       Dungeon |   1017 |    899 |    118 |     27 |    630 |   2 |  508.5 |
               +--------+--------+--------+--------+--------+-----+--------+

Top non-repeatable levels by time:
     D:1: 985 daAuts
     D:2: 32 daAuts
